TEX
MIDLAND ROCKHOUNDS @ SPRINGFIELD CARDINALS
04/21/2099
 
TOP OF THE 1ST
Midland RockHounds batting - Pitching for Springfield Cardinals : RHP Micah Blanton
Pitching: RHP Micah Blanton
Batting: LHB Phil Stuart 0-0: Fly out, F9 (Line Drive, 9LD, EV 93.8 MPH)
Batting: SHB Andy Phillips 0-0: Swinging Strike
0-1: Fly out, F6 (Popup, 6D, EV 72.5 MPH)
Batting: RHB Jose Cota 0-0: Foul Ball, location: 2F
0-1: Called Strike
0-2: Strikes out looking
Top of the 1st over - 0 runs, 0 hits, 0 errors, 0 left on base; Midland 0 - Springfield 0
BOTTOM OF THE 1ST
Springfield Cardinals batting - Pitching for Midland RockHounds : LHP Chris Ricks
Pitching: LHP Chris Ricks
Batting: RHB Michael Ray 0-0: Called Strike
0-1: Ball
1-1: Ball
2-1: Foul Ball, location: 9LMF
2-2: Strikes out looking
Batting: RHB Ray Scott 0-0: Swinging Strike
0-1: Ball
1-1: Ball
2-1: Ground out 6-3 (Groundball, 6, EV 89.4 MPH)
Batting: RHB Josh Howard 0-0: Ball
1-0: DOUBLE (Line Drive, 5D, EV 96.9 MPH)
Batting: LHB Alex Carranza 0-0: Ball
1-0: Called Strike
1-1: Ground out U3 (Groundball, 13, EV 83.8 MPH)
Bottom of the 1st over - 0 runs, 1 hit, 0 errors, 1 left on base; Midland 0 - Springfield 0
TOP OF THE 2ND
Midland RockHounds batting - Pitching for Springfield Cardinals : RHP Micah Blanton
Batting: RHB Bobby Flores 0-0: Ball
1-0: Swinging Strike
1-1: Called Strike
1-2: Ground out 6-3 (Groundball, 6, EV 81.3 MPH)
Batting: LHB Jesse Nunes 0-0: Ball
1-0: Swinging Strike
1-1: Foul Ball, location: 2F
1-2: Ground out 6-3 (Groundball, 6, EV 80.6 MPH)
Batting: RHB Brian Kantar 0-0: Foul Ball, location: 2F
0-1: Called Strike
0-2: Ground out 5-3 (Groundball, 56S, EV 86.3 MPH)
Top of the 2nd over - 0 runs, 0 hits, 0 errors, 0 left on base; Midland 0 - Springfield 0
BOTTOM OF THE 2ND
Springfield Cardinals batting - Pitching for Midland RockHounds : LHP Chris Ricks
Batting: RHB Pedro Colon 0-0: Foul Ball, location: 25F
0-1: Ball
1-1: Ball
2-1: Foul Ball, location: 9LDF
2-2: Foul Ball, location: 9LMF
2-2: Fly out, F8 (Flyball, 8RD, EV 105.0 MPH)
Batting: RHB Carlos Canto 0-0: Foul Ball, location: 9LDF
0-1: Ball
1-1: Ground out 6-3 (Groundball, 6, EV 85.0 MPH)
Batting: RHB Chris Sanches 0-0: Ground out 6-3 (Groundball, 6, EV 77.5 MPH)
Bottom of the 2nd over - 0 runs, 0 hits, 0 errors, 0 left on base; Midland 0 - Springfield 0
TOP OF THE 3RD
Midland RockHounds batting - Pitching for Springfield Cardinals : RHP Micah Blanton
Batting: RHB Luis Zuniga 0-0: Called Strike
0-1: Fly out, F7 (Flyball, 7LM, EV 91.9 MPH)
Batting: SHB Matt Ludwig 0-0: Called Strike
0-1: Ball
1-1: Called Strike
1-2: Ball
2-2: Foul Ball, location: 5SF
2-2: Foul Ball, location: 23FF
2-2: Ball
3-2: Strikes out swinging
Batting: RHB Wyatt Hepworth 0-0: Called Strike
0-1: Swinging Strike
0-2: Foul Ball, location: 9LDF
0-2: Ball
1-2: Ball
2-2: Ball
3-2: Ground out 5-3 (Groundball, 56S, EV 85.0 MPH)
Top of the 3rd over - 0 runs, 0 hits, 0 errors, 0 left on base; Midland 0 - Springfield 0
BOTTOM OF THE 3RD
Springfield Cardinals batting - Pitching for Midland RockHounds : LHP Chris Ricks
Batting: RHB Sansan Loureiro 0-0: Called Strike
0-1: Called Strike
0-2: Ball
1-2: Ball
2-2: Strikes out swinging
Batting: RHB Jeff Hamill 0-0: Called Strike
0-1: Ball
1-1: Fly out, F9 (Line Drive, 89M, EV 100.0 MPH)
Batting: RHB Michael Ray 0-0: Foul Ball, location: 23F
0-1: Fly out, F9 (Flyball, 9S, EV 88.8 MPH)
Bottom of the 3rd over - 0 runs, 0 hits, 0 errors, 0 left on base; Midland 0 - Springfield 0
TOP OF THE 4TH
Midland RockHounds batting - Pitching for Springfield Cardinals : RHP Micah Blanton
Batting: LHB Phil Stuart 0-0: Called Strike
0-1: Fly out, F3 (Popup, 3SF, EV 74.4 MPH)
Batting: SHB Andy Phillips 0-0: Called Strike
0-1: Fly out, F5 (Popup, 6S, EV 86.3 MPH)
Batting: RHB Jose Cota 0-0: Ball
1-0: Foul Ball, location: 5FF
1-1: Ground out 5-3 (Groundball, 56, EV 87.5 MPH)
Top of the 4th over - 0 runs, 0 hits, 0 errors, 0 left on base; Midland 0 - Springfield 0
BOTTOM OF THE 4TH
Springfield Cardinals batting - Pitching for Midland RockHounds : LHP Chris Ricks
Batting: RHB Ray Scott 0-0: Ball
1-0: Fly out, F9 (Line Drive, 9S, EV 93.8 MPH)
Batting: RHB Josh Howard 0-0: Ball
1-0: Ball
2-0: Ball
3-0: Swinging Strike
3-1: DOUBLE (Line Drive, 9LM, EV 98.1 MPH)
Batting: LHB Alex Carranza 0-0: Foul Ball, location: 7LDF
0-1: Swinging Strike
0-2: Ball
1-2: Ball
2-2: Ball
3-2: Foul Ball, location: 25FF
3-2: Base on Balls
Batting: RHB Pedro Colon 0-0: Ball
1-0: Ball
2-0: Foul Ball, location: 2F
2-1: Ball
3-1: Swinging Strike
3-2: Grounds into double play, 5-4-3 (Groundball, 56, EV 84.4 MPH)
Bottom of the 4th over - 0 runs, 1 hit, 0 errors, 1 left on base; Midland 0 - Springfield 0
TOP OF THE 5TH
Midland RockHounds batting - Pitching for Springfield Cardinals : RHP Micah Blanton
Batting: RHB Bobby Flores 0-0: Foul Ball, location: 9LMF
0-1: Foul Ball, location: 5F
0-2: Ball
1-2: Ball
2-2: Ball
3-2: Base on Balls
Batting: LHB Jesse Nunes 0-0: Grounds into double play, 6-4-3 (Groundball, 6, EV 85.0 MPH)
Batting: RHB Brian Kantar 0-0: Ball
1-0: Ball
2-0: Called Strike
2-1: Ball
3-1: Base on Balls
Batting: RHB Luis Zuniga 0-0: Called Strike
0-1: Ball
1-1: Foul Ball, location: 25F
1-2: Ball
2-2: Foul Ball, location: 9LMF
2-2: Foul Ball, location: 2F
2-2: Ball
3-2: Strikes out swinging
Top of the 5th over - 0 runs, 0 hits, 0 errors, 1 left on base; Midland 0 - Springfield 0
BOTTOM OF THE 5TH
Springfield Cardinals batting - Pitching for Midland RockHounds : LHP Chris Ricks
Batting: RHB Carlos Canto 0-0: Hit by Pitch
Batting: RHB Chris Sanches 0-0: Ball
1-0: Bunted foul
1-1: Sac Bunt to 15 - play at first, batter safe!
Carlos Canto to second
Batting: RHB Sansan Loureiro 0-0: Swinging Strike
0-1: Ball
1-1: Called Strike
1-2: Fielders Choice at 2nd, 4-6 (Groundball, 13, EV 83.8 MPH)
Carlos Canto to third
Batting: RHB Jeff Hamill 0-0: Called Strike
0-1: Foul Ball, location: 2F
0-2: Ball
1-2: Ball
2-2: Foul Ball, location: 2F
2-2: Strikes out swinging
Batting: RHB Michael Ray 0-0: Called Strike
0-1: Called Strike
0-2: Ball
1-2: Strikes out swinging
Bottom of the 5th over - 0 runs, 1 hit, 0 errors, 2 left on base; Midland 0 - Springfield 0
TOP OF THE 6TH
Midland RockHounds batting - Pitching for Springfield Cardinals : RHP Micah Blanton
Batting: SHB Matt Ludwig 0-0: Called Strike
0-1: Foul Ball, location: 2LF
0-2: Strikes out swinging, 2-3 out at first.
Batting: RHB Wyatt Hepworth 0-0: Ball
1-0: Ball
2-0: Ball
3-0: Base on Balls
Batting: LHB Phil Stuart 0-0: Ball
1-0: Ball
Wyatt Hepworth steals 2nd base
2-0: Foul Ball, location: 7LSF
2-1: Ground out 4-3 (Groundball, 4, EV 88.8 MPH)
Wyatt Hepworth to third
Batting: SHB Andy Phillips 0-0: Ball
1-0: Ball
2-0: Foul Ball, location: 2F
2-1: Foul Ball, location: 2F
2-2: 2-RUN HOME RUN (Flyball, 8LXD, EV 101.9 MPH), Distance : 420 ft
Batting: RHB Jose Cota 0-0: SINGLE (Flyball, 56D, EV 101.9 MPH)
Batting: RHB Bobby Flores 0-0: Ball
1-0: Foul Ball, location: 9LMF
1-1: Ball
2-1: Fly out, F7 (Flyball, 7, EV 81.9 MPH)
Top of the 6th over - 2 runs, 2 hits, 0 errors, 1 left on base; Midland 2 - Springfield 0
BOTTOM OF THE 6TH
Springfield Cardinals batting - Pitching for Midland RockHounds : LHP Chris Ricks
Batting: RHB Ray Scott 0-0: Fly out, F8 (Line Drive, 8RD, EV 95.0 MPH)
Batting: RHB Josh Howard 0-0: Swinging Strike
0-1: Called Strike
0-2: Ball
1-2: Strikes out swinging
Batting: LHB Alex Carranza 0-0: Fly out, F6 (Popup, 6M, EV 46.3 MPH)
Bottom of the 6th over - 0 runs, 0 hits, 0 errors, 0 left on base; Midland 2 - Springfield 0
TOP OF THE 7TH
Midland RockHounds batting - Pitching for Springfield Cardinals : RHP Micah Blanton
Batting: LHB Jesse Nunes 0-0: Swinging Strike
0-1: Swinging Strike
0-2: Strikes out swinging
Batting: RHB Brian Kantar 0-0: Called Strike
0-1: Foul Ball, location: 5DF
0-2: Ground out 5-3 (Groundball, 56S, EV 83.8 MPH)
Batting: RHB Luis Zuniga 0-0: Ball
1-0: Called Strike
1-1: Ball
2-1: SINGLE (Groundball, 4S, EV 68.1 MPH)
Batting: SHB Matt Ludwig 0-0: Called Strike
0-1: Called Strike
0-2: Strikes out swinging
Top of the 7th over - 0 runs, 1 hit, 0 errors, 1 left on base; Midland 2 - Springfield 0
BOTTOM OF THE 7TH
Springfield Cardinals batting - Pitching for Midland RockHounds : LHP Chris Ricks
Batting: RHB Pedro Colon 0-0: Called Strike
0-1: Foul Ball, location: 2F
0-2: Foul Ball, location: 2F
0-2: Ball
1-2: Ball
2-2: Ball
3-2: Foul Ball, location: 2F
3-2: SINGLE (Groundball, 6MD, EV 97.5 MPH)
Batting: RHB Carlos Canto 0-0: Grounds into double play, 6-4-3 (Groundball, 6, EV 87.5 MPH)
Batting: RHB Chris Sanches 0-0: SINGLE (Line Drive, 4M, EV 102.5 MPH)
Batting: RHB Sansan Loureiro 0-0: Ball
Chris Sanches is caught stealing 2nd base 2-4
Bottom of the 7th over - 0 runs, 2 hits, 0 errors, 0 left on base; Midland 2 - Springfield 0
TOP OF THE 8TH
Midland RockHounds batting - Pitching for Springfield Cardinals : RHP Micah Blanton
Batting: RHB Wyatt Hepworth 0-0: Fly out, F9 (Line Drive, 9S, EV 88.1 MPH)
Batting: LHB Phil Stuart 0-0: Reached via error on a dropped throw from 1B, E1 (Groundball, 34, EV 103.8 MPH)
Batting: SHB Andy Phillips 0-0: Foul Ball, location: 7LMF
0-1: Ball
1-1: SINGLE (Line Drive, 34, EV 99.4 MPH)
Phil Stuart to second
Runner from 2nd tries for 3rd, SAFE, throw by RF made to third
Batting: RHB Jose Cota 0-0: Ball
1-0: DOUBLE (Line Drive, 78XD, EV 101.9 MPH)
Phil Stuart scores
Andy Phillips to third
Runner from 3rd tries for Home, SAFE, throw by CF to trailing runner, SAFE at third!
Batting: RHB Bobby Flores 0-0: Fly out, F7 (Flyball, 7S, EV 83.8 MPH)
Batting: LHB Jesse Nunes 0-0: Fly out, F4 (Line Drive, 4MD, EV 68.8 MPH)
Top of the 8th over - 2 runs, 2 hits, 1 error, 1 left on base; Midland 4 - Springfield 0
BOTTOM OF THE 8TH
Springfield Cardinals batting - Pitching for Midland RockHounds : LHP Chris Ricks
Batting: RHB Sansan Loureiro 0-0: Ground out 5-3 (Groundball, 5, EV 90.0 MPH)
Batting: RHB Jeff Hamill 0-0: Swinging Strike
0-1: Swinging Strike
0-2: Ground out U3 (Groundball, 34S, EV 83.8 MPH)
Batting: RHB Michael Ray 0-0: Ball
1-0: Swinging Strike
1-1: Called Strike
1-2: Ball
2-2: Strikes out swinging
Bottom of the 8th over - 0 runs, 0 hits, 0 errors, 0 left on base; Midland 4 - Springfield 0
TOP OF THE 9TH
Midland RockHounds batting - Pitching for Springfield Cardinals : RHP Micah Blanton
Batting: RHB Brian Kantar 0-0: Ball
1-0: SOLO HOME RUN (Flyball, 9LD, EV 95.0 MPH), Distance : 351 ft
Batting: RHB Luis Zuniga 0-0: Called Strike
0-1: Foul Ball, location: 2F
0-2: Strikes out looking
Batting: SHB Matt Ludwig 0-0: Called Strike
0-1: SINGLE (Groundball, 4D, EV 100.6 MPH)
Batting: RHB Wyatt Hepworth 0-0: Foul Ball, location: 2F
0-1: Called Strike
0-2: Ball
1-2: Ball
2-2: Foul Ball, location: 2F
2-2: Fly out, F8 (Flyball, 8LD, EV 110.6 MPH)
Batting: LHB Phil Stuart 0-0: Ball
1-0: Ball
2-0: Ball
3-0: Base on Balls
Matt Ludwig to second
Batting: SHB Andy Phillips 0-0: Called Strike
0-1: Swinging Strike
0-2: Ball
1-2: Ball
2-2: Foul Ball, location: 5F
2-2: Foul Ball, location: 5FF
2-2: Foul Ball, location: 25FF
2-2: Foul Ball, location: 2F
2-2: Strikes out swinging
Top of the 9th over - 1 run, 2 hits, 0 errors, 2 left on base; Midland 5 - Springfield 0
BOTTOM OF THE 9TH
Springfield Cardinals batting - Pitching for Midland RockHounds : LHP Chris Ricks
Batting: RHB Ray Scott 0-0: Ball
1-0: SINGLE (Line Drive, 78M, EV 95.0 MPH)
Batting: RHB Josh Howard 0-0: Foul Ball, location: 23FF
0-1: Fly out, F7 (Flyball, 78M, EV 86.9 MPH)
Pitching: RHP Robby Melena
Batting: LHB Alex Carranza 0-0: Called Strike
0-1: Ball
1-1: Ball
2-1: Called Strike
2-2: TRIPLE (Flyball, 89XD, EV 111.3 MPH)
Ray Scott scores
Batting: RHB Pedro Colon 0-0: Ball
1-0: Called Strike
1-1: Ball
2-1: Ground out 4-3 (Groundball, 4, EV 81.3 MPH)
Alex Carranza scores
Batting: RHB Carlos Canto 0-0: Fly out, F6 (Line Drive, 6, EV 63.8 MPH)
Bottom of the 9th over - 2 runs, 2 hits, 0 errors, 0 left on base; Midland 5 - Springfield 2
Saturday, May 4th , 2024 - OOTP Baseball 24.11 Build 85